AoeStats
← Il consigliere

Arabia

509186276Analyzed
1v1 RM · 7d ago on Sep 25, 2026· 51m 20s· 2 players
Game mode
Random Map
Map size
Tiny (2 player)
Population
200
Speed
Normal
Resources
Standard
Victory
Conquest
Starting age
Dark Age
Ending age
Imperial Age
RankedLock teamsTeams togetherTeam positionsShared explorationLock speedFull tech treeHidden civsTurbo modeCheats
Victory
Defeat
🇦🇷 Magyars · Argentina
1211
+17
🇺🇸 Dravidians · United States
1228
-17
Il consigliere
7:05 Loom
9:39 Feudal Age
10:19 Double-Bit Axe
21:42 Castle Age
19:34 Horse Collar
21:21 Scale Barding Armor
21:53 Bloodlines
24:33 Husbandry
25:00 Gold Mining
26:38 Chain Barding Armor
28:04 Sanctity
31:57 Wheelbarrow
33:24 Heavy Plow
33:55 Town Watch
38:55 Imperial Age
37:50 Bow Saw
38:39 Gold Shaft Mining
39:19 Cavalier
40:36 Plate Barding Armor
40:51 Stone Mining
44:05 Paladin
45:29 Hand Cart
45:19 Fletching
45:54 Padded Archer Armor
46:19 Bodkin Arrow
46:01 Elite Skirmisher
46:55 Thumb Ring
47:05 Thumb Ring
48:36 Chemistry
48:05 Ballistics
48:12 Bracer
48:30 Leather Archer Armor
49:40 Conscription
50:35 Masonry
51:03 Ring Archer Armor
Quilted Codpiece
6:12 Loom
9:12 Feudal Age
10:25 Double-Bit Axe
11:37 Forging
21:47 Castle Age
20:05 Horse Collar
21:16 Fletching
21:26 Padded Archer Armor
23:20 Wheelbarrow
23:04 Town Watch
25:50 Husbandry
26:21 Bodkin Arrow
26:41 Bow Saw
26:36 Heavy Plow
30:30 Leather Archer Armor
30:25 Thumb Ring
33:21 Gold Mining
36:26 Ballistics
36:36 Medical Corps
38:05 Light Cavalry
41:17 Hand Cart
45:09 Imperial Age
45:14 Devotion
45:53 Bracer
45:16 Elite Elephant Archer
46:19 Conscription
46:27 Murder Holes
47:37 Chemistry
48:43 Ring Archer Armor
48:28 Scale Barding Armor
Connection lost

Rejoining the realm…

Still unreachable

The connection could not be restored.

Session expired

The server has moved on; the page needs a fresh start.